 Dungeon Crawl Stone Soup version 0.28-a0-1190-g77e1c55843 (webtiles) character file.

Game seed: 8946221803869697519

3054 ChaosChampion the Thaumaturge (level 9, -9/45 HPs)
             Began as a Deep Elf Conjurer on Dec 18, 2021.
             Was a Follower of Vehumet.
             Mangled by a wyvern (15 damage)
             ... on level 7 of the Dungeon.
             The game lasted 00:08:56 (9051 turns).

ChaosChampion the Thaumaturge (Deep Elf Conjurer)   Turns: 9051, Time: 00:08:56

Health: -9/45      AC:  6    Str:  4    XL:     9   Next: 57%
Magic:  1/27       EV: 10    Int: 28    God:    Vehumet [*.....]
Gold:   243        SH:  0    Dex: 13    Spells: 19/32 levels left

rFire   + . .      SeeInvis .   i - staff of fire
rCold   + . .      Faith    .   (no shield)
rNeg    . . .      Spirit   .   f - +0 acid dragon scales
rPois   .          Reflect  .   (no helmet)
rElec   .          Harm     .   (no cloak)
rCorr   +          Rampage  .   (no gloves)
Will    .....                   (no boots)
Stlth   ++........              (no amulet)
HPRegen 0.15/turn               k - ring of protection from cold
MPRegen 0.20/turn               (no ring)

@: about to teleport
A: no striking features
a: Renounce Religion


You were on level 7 of the Dungeon.
You worshipped Vehumet.
Vehumet was aware of your devotion.
You visited 2 branches of the dungeon, and saw 8 of its levels.

You collected 243 gold pieces.

Inventory:

Armour
 a - a +0 robe
 f - +0 acid dragon scales (worn)
Magical Staves
 i - a staff of fire (weapon)
Jewellery
 k - a ring of protection from cold (left hand)
Wands
 d - a wand of iceblast (13)
 m - a wand of polymorph (4)
Scrolls
 h - 2 scrolls of identify
Potions
 c - 2 potions of heal wounds {unknown}
 e - a potion of cancellation
 n - a potion of resistance {unknown}
 o - a potion of berserk rage {unknown}
 p - a potion of haste {unknown}


   Skills:
 - Level 2.4 Dodging
 - Level 2.4 Stealth
 * Level 12.1 Spellcasting
 + Level 8.2 Conjurations
 - Level 4.0 Hexes
 - Level 4.0 Summonings
 - Level 6.0 Translocations


You had 19 spell levels left.
You knew the following spells:

 Your Spells              Type           Power      Damage    Failure   Level
a - Magic Dart            Conj           100%       1d8       1%          1
b - Stone Arrow           Conj/Erth      80%        3d12      4%          3
c - Summon Guardian Gole  Hex/Summ       39%        N/A       4%          3
d - Iskenderun's Mystic   Conj/Tloc      54%        2d12      4%          4
p - Searing Ray           Conj           100%       2d8       1%          2

Your spell library contained the following spells:

 Spells                   Type           Power      Damage    Failure   Level
 Sandblast                Erth           34%        2d9       8%          1
 Summon Small Mammal      Summ           100%       N/A       1%          1
 Dazzling Flash           Conj/Hex       100%       N/A       1%          3
 Portal Projectile        Hex/Tloc       90%        N/A       3%          3
 Call Canine Familiar     Summ           39%        N/A       4%          3
 Fulminant Prism          Conj/Hex       25%        3d14      6%          4
 Passwall                 Tmut/Erth      14%        N/A       12%         2
 Leda's Liquefaction      Hex/Erth       14%        N/A       34%         4


Dungeon Overview and Level Annotations

Branches:
Dungeon (7/15)             Temple (1/1) D:4

Altars:
Cheibriados
Dithmenos
Fedhas
Makhleb
Okawaru
Qazlal
Uskayaw
Vehumet
Xom
Yredelemnul
The Shining One


Message History

The wyvern is heavily wounded.
The wyvern is knocked back by the mystic blast.
The wyvern slams into the metal wall!
The wyvern is severely wounded.
The howler monkey hoots and howls with incredible vigour!
The wyvern bites you.
You see here a +0 scale mail.
The wyvern bites you.
Your magical contamination has completely faded away.
The wyvern bites you. The wyvern bites you!
* * * LOW HITPOINT WARNING * * *
You feel better. The wyvern bites you!
* * * LOW HITPOINT WARNING * * *
The wyvern bites you.
* * * LOW HITPOINT WARNING * * *
The hornet misses you.
Casting: Iskenderun's Mystic Blast (dangerous; 4% risk of failure)
Confirm with . or Enter, or press ? or * to list all spells.
You erupt in a blast of force!
The mystic blast hits the hornet!
The hornet is severely wounded.
The hornet is knocked back by the mystic blast.
The hornet collides with the scorpion!
The scorpion is moderately wounded.
You kill the hornet!
Vehumet accepts your kill.
The mystic blast hits something!
The mystic blast hits the wyvern!
The wyvern is almost dead.
The wyvern is knocked back by the mystic blast.
You hear a shout!
A two-headed ogre comes into view.
It is wielding a +0 giant spiked club and a +0 giant club.
The white imp disappears for a moment.
Your Spellcasting skill increases to level 12!
The wyvern bites you.
* * * LOW HITPOINT WARNING * * *
You feel better. The wyvern bites you!
* * * LOW HITPOINT WARNING * * *
As you read the scroll of teleportation, it crumbles to dust.
You feel strangely unstable. The wyvern bites you!
You die...

### ### #.# ..# # #.# ###.#
#.#.# .....# .#.#
#.#.#.#####.#.
....##....#...#.#...{.s...
.........#.#.###.#.###.#.##
.........#@..5)s.#[# .#
.........#l#####.#.# .#
.........#....O†...# ##
..........#####.####### #
....................... .
............##.####.### .
##..####.##.##.# #
##......#..#.##.. ...
........<#.#..###.


You could see a wyvern, a scorpion and a white imp.

Vanquished Creatures
  Maggie (D:7)
  A komodo dragon (D:7)
  A hornet (D:7)
  A wyvern (D:7)
  3 water moccasins
  An ice beast (D:5)
  2 sky beasts (D:5)
  A black bear (D:6)
  3 necrophages
  3 ogres
  A centaur (D:5)
  A kobold brigand (D:6)
  A scorpion (D:6)
  A water moccasin zombie (D:5)
  A wyvern skeleton (D:5)
  A bullfrog zombie (D:5)
  2 jellies (D:4)
  A centaur skeleton (D:6)
  2 orc priests
  3 hounds
  2 bullfrog skeletons (D:5)
  2 iguanas
  An orc wizard (D:5)
  4 gnolls (D:7)
  9 adders
  A white imp (D:7)
  2 worms
  2 dart slugs
  19 orcs
  4 endoplasms
  6 giant cockroaches
  9 hobgoblins
  7 jackals
  11 kobolds
  3 quokkas
  7 ball pythons
  9 bats
  3 frilled lizards
  9 goblins
  9 rats
150 creatures vanquished.

Vanquished Creatures (others)
  2 orcs (D:5)
2 creatures vanquished.

Grand Total: 152 creatures vanquished

Notes
Turn   | Place    | Note
-------+----------+-------------------------------------------
     0 | D:1      | ChaosChampion the Deep Elf Conjurer began the quest for the
                  | Orb.
     0 | D:1      | Reached XP level 1. HP: 10/10 MP: 6/6
   207 | D:1      | Reached XP level 2. HP: 15/15 MP: 4/8
   403 | D:1      | Reached skill level 4 in Spellcasting
   565 | D:1      | Learned a level 2 spell: Searing Ray
  1058 | D:2      | Found a hide-covered altar of Uskayaw.
  1081 | D:2      | Reached XP level 3. HP: 19/19 MP: 6/10
  1586 | D:2      | Reached skill level 5 in Spellcasting
  1792 | D:2      | Reached skill level 5 in Conjurations
  1792 | D:2      | Reached XP level 4. HP: 24/24 MP: 8/13
  2465 | D:3      | Noticed an ogre
  2472 | D:3      | Killed an ogre
  2473 | D:3      | Reached skill level 6 in Spellcasting
  2473 | D:3      | Reached XP level 5. HP: 28/28 MP: 4/15
  2595 | D:3      | Learned a level 3 spell: Summon Guardian Golem
  2600 | D:3      | Learned a level 4 spell: Iskenderun's Mystic Blast
  3237 | D:4      | Reached skill level 1 in Hexes
  3239 | D:4      | Reached skill level 1 in Summonings
  3388 | D:4      | Noticed a necrophage
  3397 | D:4      | Killed a necrophage
  3398 | D:4      | Reached skill level 1 in Translocations
  3398 | D:4      | Reached XP level 6. HP: 32/32 MP: 10/17
  3442 | D:4      | Found a shimmering altar of Xom.
  3444 | D:4      | Found a basalt altar of Yredelemnul.
  3445 | D:4      | Found a glowing golden altar of the Shining One.
  3482 | D:4      | Found a hide-covered altar of Uskayaw.
  4370 | D:4      | Reached skill level 7 in Spellcasting
  4597 | D:4      | Found a staircase to the Ecumenical Temple.
  4609 | Temple   | Entered the Ecumenical Temple
  4661 | Temple   | Became a worshipper of Vehumet
  4925 | D:5      | Entered Level 5 of the Dungeon
  4925 | D:5      | Noticed an ice beast
  5127 | D:5      | Found a stormy altar of Qazlal.
  5152 | D:5      | Reached XP level 7. HP: 31/36 MP: 11/19
  5650 | D:5      | Reached skill level 8 in Spellcasting
  5795 | D:5      | Reached XP level 8. HP: 34/41 MP: 3/22
  6645 | D:5      | Found a snail-covered altar of Cheibriados.
  6682 | D:5      | Reached skill level 9 in Spellcasting
  6703 | D:5      | Reached skill level 5 in Translocations
  7920 | D:6      | Reached * piety under Vehumet
  7920 | D:6      | Offered knowledge of Sandblast by Vehumet.
  8192 | D:6      | Reached skill level 10 in Spellcasting
  8532 | D:7      | Reached XP level 9. HP: 45/45 MP: 13/25
  8632 | D:7      | Noticed Maggie
  8657 | D:7      | Killed Maggie
  8926 | D:7      | Learned a level 3 spell: Stone Arrow
  8949 | D:7      | Reached skill level 11 in Spellcasting
  9025 | D:7      | Noticed a komodo dragon
  9029 | D:7      | Killed a komodo dragon
  9046 | D:7      | Noticed a two-headed ogre
  9047 | D:7      | Reached skill level 12 in Spellcasting
  9051 | D:7      | Mangled by a wyvern

Illustrated notes

Levels and vault maps discovered:
D:1:      lemuel_arrival_river_bridge, layout_basic, hangedman_decor_push
D:2:      layout_loops_ring, basic_altar
D:3:      layout_loops_ring, minmay_misc_feat_x
D:4:      minmay_general_purpose_star, layout_basic,
          nicolae_overflow_quartered_altars, temple_green
D:5:      layout_basic, general_overflow_altar, mainiacjoe_overflow_chevrons
D:6:      layout_loops_cross
D:7:      layout_rooms, grunt_ogre_cave, minmay_the_grid_2x2
          [minmay_the_grid_holed_spiral, minmay_the_grid_rooms,
          minmay_the_grid_mess, minmay_the_grid_prize_four_corners],
          uniq_maggie, uniq_joseph, uniq_pikel
Temple:   nicolae_temple_elliptical

Skill      XL: |  1  2  3  4  5  6  7  8  9 |
---------------+----------------------------+-----
Spellcasting   | 4 5 6 7 8 10 12 | 12.1
Conjurations   | 5 6 7 8 |  8.2
Hexes          | 1 3 4 |  4.0
Summonings     | 1 2 4 |  4.0
Translocations | 1 2 3 6 |  6.0
Dodging        | |  2.4
Stealth        | |  2.4

Action                   |  1- 3 |  4- 6 |  7- 9 || total
-------------------------+-------+-------+-------++-------
 Cast: Magic Dart        |    79 |    83 |    58 ||   220
       Searing Ray       |     2 |    28 |    41 ||    71
       Iskenderun's Myst |       |     1 |    17 ||    18
       Summon Guardian G |       |       |     2 ||     2
       Stone Arrow       |       |       |     4 ||     4
  Use: Scroll            |       |     6 |     5 ||    11
       Potion            |       |     1 |     2 ||     3
Armor: Robe              |     1 |     1 |     5 ||     7
Dodge: Dodged            |     5 |    23 |    32 ||    60

Table legend: (Time is in decaauts)
 A = Elapsed time spent in this place.
 B = Non-inter-level travel time spent in this place.
 C = Inter-level travel time spent in this place.
 D = Time resting spent in this place.
 E = Time spent auto-exploring this place.
 F = Levels seen in this place.
 G = Mean time per level.
                   A        B        C        D        E       F      G
               +--------+--------+--------+--------+--------+-----+--------+
         Total |   9052 |   8895 |    157 |   1036 |   6889 |   8 | 1131.5 |
       Dungeon |   8992 |   8835 |    157 |   1036 |   6857 |   7 | 1284.6 |
        Temple |     59 |     59 |      0 |      0 |     32 |   1 |   59.0 |
               +--------+--------+--------+--------+--------+-----+--------+

Top non-repeatable levels by time:
     D:4: 2098 daAuts
     D:5: 1775 daAuts
     D:6: 1396 daAuts
     D:3: 1115 daAuts
     D:1: 1049 daAuts
     D:2: 1013 daAuts
     D:7: 543 daAuts
  Temple: 59 daAuts
